 Dungeon Crawl Stone Soup version 0.24.0-123-gd5b16e6ec5 (webtiles) character file.

Game seed: 6394541461855354167, levelgen mode: deterministic

35 Descartes the Scratcher (level 3, -3/15 HPs)
             Began as a Felid Transmuter on Feb 12, 2020.
             Killed from afar by Sigmund (8 damage)
             ... with a puff of flame
             ... on level 2 of the Dungeon.
             The game lasted 00:02:27 (1586 turns).

Descartes the Scratcher (Felid Transmuter)          Turns: 1586, Time: 00:02:28

Health: -3/15      AC:  1    Str:  7    XL:     3   Next: 17%
Magic:  7/7        EV: 18    Int: 14    God:
Gold:   24         SH:  0    Dex: 16    Spells: 5/6 levels left
                                        Lives:  0   Deaths: 0

rFire    . . .     SeeInvis +     - Unarmed
rCold    . . .     Gourm    .   (shield unavailable)
rNeg     . . .     Faith    .   (armour unavailable)
rPois    .         Spirit   .   (helmet unavailable)
rElec    .         Reflect  .   (cloak unavailable)
rCorr    .         Harm     .   (gloves unavailable)
MR       .....                  (boots unavailable)
Stlth    ++........             (no amulet)
HPRegen  0.05/turn              (no ring)
MPRegen  0.10/turn              (no ring)

@: quick
A: very small, no armour, no weapons or thrown items, stealth, claws 1, fangs 3,
see invisible, carnivore, speed 1, shaggy fur 1, slow metabolism 1, sharp paws
a: no special abilities


You were on level 2 of the Dungeon.
You were completely stuffed.

You visited 1 branch of the dungeon, and saw 2 of its levels.

You collected 24 gold pieces.

Inventory:

Missiles
 a - 12 arrows
 b - 38 stones
Jewellery
 g - an uncursed ring of protection from magic {unknown}
Scrolls
 d - a scroll of amnesia {unknown}
 e - a scroll of noise {unknown}
Potions
 h - a potion of degeneration {unknown}
Comestibles
 c - 2 rations


   Skills:
 - Level 1.0 Fighting
 + Level 2.9 Dodging
 * Level 4.2 Unarmed Combat
 - Level 2.0 Spellcasting
 - Level 2.1 Transmutations


You had 5 spell levels left.
You knew the following spells:

 Your Spells              Type           Power        Failure   Level  Hunger
a - Beastly Appendage     Tmut           #.....       10%         1    ##.....

Your spell library contained the following spells:

 Spells                   Type           Power        Failure   Level  Hunger
 Sticks to Snakes         Tmut           #.......     14%         2    ###....
 Spider Form              Tmut/Pois      #.........   41%         3    ####...
 Ice Form                 Ice/Tmut       #.......     83%         4    #####..
 Blade Hands              Tmut           #.........   95%         5    ######.


Dungeon Overview and Level Annotations

Branches:
Dungeon (2/15)

Altars:

Annotations:
D:2 Sigmund


Innate Abilities, Weirdness & Mutations

You cannot wear armour.
You are incapable of wielding weapons or throwing items.
Your paws allow you to move quietly. (Stealth)
You have sharp claws.
You have razor-sharp teeth.
You have supernaturally acute eyesight. (SInv)
You are carnivorous and can eat meat at any time.
You cover ground quickly.
You are covered in fur. (AC +1)
You have a slow metabolism.
Your sharp claws are effective at attacking unaware monsters.


Message History

You scratch Sigmund.
Sigmund is heavily wounded.
All of the chunks of flesh in your inventory have rotted away.
You closely miss Sigmund.
Sigmund is heavily wounded.
Sigmund misses you.
You're too confused to move!
You feel less confused. Sigmund hits you with a +0 scythe.
You scratch Sigmund.
Sigmund is severely wounded.
You scratch Sigmund.
Sigmund is severely wounded.
Sigmund misses you.
You scratch Sigmund. Your bite misses Sigmund.
Sigmund is severely wounded.
Sigmund gestures at you while chanting. The puff of flame hits you!
Ouch! That really hurt!
You die...

#.........# #.#
#)#.#####.# #.#
#..<......# #.#
########### #.# #.#
#.# #.#
##################.#
...?..@@.........[.#
####################


You could see Sigmund (invisible).

Vanquished Creatures
  2 leopard geckos (D:1)
  2 ball pythons (D:1)
  6 bats (D:1)
  3 giant cockroaches (D:1)
  6 goblins (D:1)
  2 hobgoblins (D:1)
  3 kobolds (D:1)
  5 rats (D:1)
29 creatures vanquished.

Notes
Turn   | Place    | Note
-------+----------+-------------------------------------------
     0 | D:1      | Descartes the Felid Transmuter began the quest for the Orb.
     0 | D:1      | Reached XP level 1. HP: 9/9 MP: 4/4
   269 | D:1      | Reached XP level 2. HP: 6/12 MP: 6/6
   812 | D:1      | Reached skill level 4 in Unarmed Combat
  1069 | D:1      | Reached XP level 3. HP: 11/15 MP: 7/7
  1566 | D:2      | Noticed Sigmund
  1586 | D:2      | Killed from afar by Sigmund

Levels and vault maps discovered:
D:1:      minmay_arrival_stair_chambers, layout_rooms
D:2:      layout_basic, lemuel_coloured_pillars_altar,
          nemelex_lonely_heart_becter, uniq_robin, uniq_sigmund

Skill      XL: |  1  2 |
---------------+-------+-----
Unarmed Combat | 4 |  4.2
Fighting       | |  1.0
Dodging        | |  2.9
Spellcasting   | |  2.0
Transmutations | |  2.1

Action                   || total
-------------------------++-------
Melee: Unarmed           ||    95
       Bite              ||     9
 Stab: Sleeping          ||     1
  Eat: Chunk             ||     9
Armor: Skin              ||    17
Dodge: Dodged            ||    80
